SAAA
VERMONT LAKE MONSTERS @ PENNSAUKEN FLYERS
09/05/2032
 
TOP OF THE 1ST
Vermont Lake Monsters batting - Pitching for Pennsauken Flyers : RHP Seong-rae Park
Pitching: RHP Seong-rae Park
Batting: SHB Robert La Caze 0-0: Foul Ball, location: 2F
0-1: Ball
1-1: Foul Ball, location: 2F
1-2: Ground out 4-3 (Groundball, 4)
Batting: RHB Ramón Degollado 0-0: Foul Ball, location: 2F
0-1: Ball
1-1: Ball
2-1: Hit by Pitch
Batting: LHB Manuel Núñez 0-0: Called Strike
0-1: Swinging Strike
0-2: Fly out, F5 (Popup, 5F)
Batting: RHB Kasper Schuilenberg 0-0: Ball
1-0: Ball
2-0: Ball
3-0: Called Strike
3-1: Ground out 3-1 (Groundball, 34S)
Top of the 1st over - 0 runs, 0 hits, 0 errors, 1 left on base; Vermont 0 - Pennsauken 0
BOTTOM OF THE 1ST
Pennsauken Flyers batting - Pitching for Vermont Lake Monsters : RHP Naozane Kobayashi
Pitching: RHP Naozane Kobayashi
Batting: RHB Enrique Ibarra 0-0: Ball
1-0: DOUBLE (Groundball, 3L)
Batting: LHB Ignacio Martínez 0-0: Ball
1-0: Ball
2-0: Ball
3-0: Called Strike
3-1: Swinging Strike
3-2: Base on Balls
Batting: LHB Gong Mao 0-0: Called Strike
0-1: Fielders Choice at 2nd, 4-6 (Groundball, 34)
Enrique Ibarra to third
Batting: RHB Lester Kwiatkowski 0-0: Ball
1-0: Ball
2-0: Foul Ball, location: 2F
2-1: Called Strike
2-2: Ball
3-2: Foul Ball, location: 2F
3-2: Strikes out swinging
Batting: RHB Vincente Flores 0-0: Called Strike
0-1: Ball
1-1: Ball
2-1: Ball
3-1: Swinging Strike
3-2: Base on Balls
Gong Mao to second
Batting: RHB Kazuyoshi Yoshida 0-0: Ball
1-0: Ball
2-0: GRAND SLAM HOME RUN (Flyball, 7LD), Distance : 367 ft
Batting: RHB Clarence Therrien 0-0: Called Strike
0-1: Swinging Strike
0-2: Ball
1-2: Ball
2-2: Strikes out looking
Bottom of the 1st over - 4 runs, 2 hits, 0 errors, 0 left on base; Vermont 0 - Pennsauken 4
TOP OF THE 2ND
Vermont Lake Monsters batting - Pitching for Pennsauken Flyers : RHP Seong-rae Park
Batting: LHB Carlos Germán 0-0: Ball
1-0: Ball
2-0: Ball
3-0: Swinging Strike
3-1: Foul Ball, location: 2F
3-2: Foul Ball, location: 2F
3-2: SINGLE (Line Drive, 8LS)
Batting: RHB Juan Pedraza 0-0: Called Strike
0-1: Swinging Strike
0-2: Foul Ball, location: 2F
0-2: Strikes out swinging
Batting: LHB Brad Tillman 0-0: Called Strike
0-1: Ball
1-1: Foul Ball, location: 2F
1-2: Strikes out swinging
Batting: RHB Gabe Cain 0-0: Ball
1-0: Swinging Strike
1-1: Ball
2-1: Foul Ball, location: 2F
2-2: Strikes out swinging
Top of the 2nd over - 0 runs, 1 hit, 0 errors, 1 left on base; Vermont 0 - Pennsauken 4
BOTTOM OF THE 2ND
Pennsauken Flyers batting - Pitching for Vermont Lake Monsters : RHP Naozane Kobayashi
Batting: RHB Marc Beck 0-0: Foul Ball, location: 2F
0-1: Ball
1-1: Swinging Strike
1-2: Ball
2-2: Ball
3-2: Strikes out looking
Batting: RHB Jack Willis 0-0: Ball
1-0: Fly out, F7 (Flyball, 7S)
Batting: RHB Enrique Ibarra 0-0: Called Strike
0-1: Fly out, F8 (Line Drive, 8LS)
Bottom of the 2nd over - 0 runs, 0 hits, 0 errors, 0 left on base; Vermont 0 - Pennsauken 4
TOP OF THE 3RD
Vermont Lake Monsters batting - Pitching for Pennsauken Flyers : RHP Seong-rae Park
Batting: RHB Cosmo Castanhedo 0-0: Swinging Strike
0-1: Ball
1-1: Foul Ball, location: 2F
1-2: Fly out, F8 (Flyball, 8LS)
Batting: SHB Robert La Caze 0-0: Ball
1-0: Ball
2-0: Ball
3-0: Base on Balls
Batting: RHB Ramón Degollado 0-0: Ball
1-0: Ball
2-0: Fielders Choice at 2nd, 5-4 (Groundball, 56)
Batting: LHB Manuel Núñez 0-0: Called Strike
0-1: Swinging Strike
0-2: Foul Ball, location: 2F
0-2: Fly out, F8 (Flyball, 8RD)
Top of the 3rd over - 0 runs, 0 hits, 0 errors, 1 left on base; Vermont 0 - Pennsauken 4
BOTTOM OF THE 3RD
Pennsauken Flyers batting - Pitching for Vermont Lake Monsters : RHP Naozane Kobayashi
Batting: LHB Ignacio Martínez 0-0: Called Strike
0-1: Ball
1-1: Ball
2-1: Foul Ball, location: 2F
2-2: Ball
3-2: DOUBLE (Line Drive, 89D)
Batting: LHB Gong Mao 0-0: Swinging Strike
0-1: Ball
1-1: Ball
2-1: Foul Ball, location: 2F
2-2: Foul Ball, location: 2F
2-2: Ground out 1-3 (Groundball, 13)
Ignacio Martínez to third
Batting: RHB Lester Kwiatkowski 0-0: Ball
1-0: Fly out, F4 (Popup, 23)
Batting: RHB Vincente Flores 0-0: Ball
1-0: Ball
2-0: Ball
3-0: Base on Balls
Batting: RHB Kazuyoshi Yoshida 0-0: Called Strike
0-1: Ball
1-1: Ball
2-1: Ball
3-1: Base on Balls
Vincente Flores to second
Batting: RHB Clarence Therrien 0-0: Ball
1-0: Ball
2-0: Ball
3-0: Called Strike
3-1: Ground out 3-1 (Groundball, 34)
Bottom of the 3rd over - 0 runs, 1 hit, 0 errors, 3 left on base; Vermont 0 - Pennsauken 4
TOP OF THE 4TH
Vermont Lake Monsters batting - Pitching for Pennsauken Flyers : RHP Seong-rae Park
Batting: RHB Kasper Schuilenberg 0-0: Called Strike
0-1: Swinging Strike
0-2: Ball
1-2: Foul Ball, location: 2F
1-2: SINGLE (Line Drive, 89M)
Batting: LHB Carlos Germán 0-0: Swinging Strike
0-1: Ball
1-1: Ball
2-1: Swinging Strike
2-2: Ball
3-2: Foul Ball, location: 2F
3-2: Ground out 3-1 (Groundball, 34S)
Kasper Schuilenberg to second
Batting: RHB Juan Pedraza 0-0: Ball
1-0: Ball
2-0: Called Strike
2-1: Ball
3-1: Base on Balls
Batting: LHB Brad Tillman 0-0: Called Strike
0-1: Ground out U3 (Groundball, 3S)
Kasper Schuilenberg to third
Juan Pedraza to second
Batting: RHB Gabe Cain 0-0: Foul Ball, location: 2F
0-1: SINGLE (Groundball, 56) (infield hit)
Kasper Schuilenberg scores
Juan Pedraza to third
Batting: RHB Cosmo Castanhedo 0-0: Ball
1-0: Foul Ball, location: 2F
1-1: Foul Ball, location: 2F
1-2: Fly out, F6 (Popup, 6MD)
Top of the 4th over - 1 run, 2 hits, 0 errors, 2 left on base; Vermont 1 - Pennsauken 4
BOTTOM OF THE 4TH
Pennsauken Flyers batting - Pitching for Vermont Lake Monsters : RHP Naozane Kobayashi
Batting: RHB Marc Beck 0-0: Called Strike
0-1: Ball
1-1: Swinging Strike
1-2: Ball
2-2: Ball
3-2: Foul Ball, location: 2F
3-2: Ground out 5-3 (Groundball, 56S)
Batting: RHB Jack Willis 0-0: Called Strike
0-1: Fly out, F8 (Flyball, 78M)
Batting: RHB Enrique Ibarra 0-0: Called Strike
0-1: Ground out 3-1 (Groundball, 34)
Bottom of the 4th over - 0 runs, 0 hits, 0 errors, 0 left on base; Vermont 1 - Pennsauken 4
TOP OF THE 5TH
Vermont Lake Monsters batting - Pitching for Pennsauken Flyers : RHP Seong-rae Park
Batting: SHB Robert La Caze 0-0: Called Strike
0-1: Ball
1-1: SINGLE (Flyball, 78S)
Batting: RHB Ramón Degollado 0-0: Ball
1-0: Called Strike
1-1: Fly out, F7 (Flyball, 7S)
Batting: LHB Manuel Núñez 0-0: Ball
Robert La Caze steals 2nd base
1-0: Ball
Robert La Caze steals 3rd base
2-0: Called Strike
2-1: Foul Ball, location: 2F
2-2: Fly out, F7 (Line Drive, 78M)
Runner from 3rd tags up, SCORES, throw made
Batting: RHB Kasper Schuilenberg 0-0: SINGLE (Line Drive, 4MD)
Batting: LHB Carlos Germán 0-0: Ball
1-0: Called Strike
1-1: Foul Ball, location: 2F
1-2: Ball
2-2: Ball
3-2: Fly out, F9 (Flyball, 9S)
Top of the 5th over - 1 run, 2 hits, 0 errors, 1 left on base; Vermont 2 - Pennsauken 4
BOTTOM OF THE 5TH
Pennsauken Flyers batting - Pitching for Vermont Lake Monsters : RHP Naozane Kobayashi
Batting: LHB Ignacio Martínez 0-0: Called Strike
0-1: Ball
1-1: Fly out, F7 (Flyball, 7)
Batting: LHB Gong Mao 0-0: Ball
1-0: Ball
2-0: Called Strike
2-1: Ball
3-1: Base on Balls
Batting: RHB Lester Kwiatkowski 0-0: Called Strike
0-1: Ball
1-1: Ball
2-1: Fielders Choice at 2nd, 1-6 (Groundball, 13)
Batting: RHB Vincente Flores 0-0: Foul Ball, location: 2F
0-1: Called Strike
0-2: Strikes out swinging
Bottom of the 5th over - 0 runs, 0 hits, 0 errors, 1 left on base; Vermont 2 - Pennsauken 4
TOP OF THE 6TH
Vermont Lake Monsters batting - Pitching for Pennsauken Flyers : RHP Seong-rae Park
Batting: RHB Juan Pedraza 0-0: Ball
1-0: Swinging Strike
1-1: Ball
2-1: Fly out, F9 (Line Drive, 9S)
Batting: LHB Brad Tillman 0-0: Ground out U3 (Groundball, 3L)
Batting: RHB Gabe Cain 0-0: Swinging Strike
0-1: Called Strike
0-2: Strikes out swinging
Top of the 6th over - 0 runs, 0 hits, 0 errors, 0 left on base; Vermont 2 - Pennsauken 4
BOTTOM OF THE 6TH
Pennsauken Flyers batting - Pitching for Vermont Lake Monsters : RHP Naozane Kobayashi
Batting: RHB Kazuyoshi Yoshida 0-0: Fly out, F2 (Popup, 13S)
Batting: RHB Clarence Therrien 0-0: Called Strike
0-1: Foul Ball, location: 2F
0-2: Ball
1-2: Ball
2-2: Foul Ball, location: 2F
2-2: Foul Ball, location: 2F
2-2: Foul Ball, location: 2F
2-2: Fly out, F9 (Flyball, 9LS)
Batting: RHB Marc Beck 0-0: Foul Ball, location: 2F
0-1: Foul Ball, location: 2F
0-2: Fly out, F7 (Flyball, 7LM)
Bottom of the 6th over - 0 runs, 0 hits, 0 errors, 0 left on base; Vermont 2 - Pennsauken 4
TOP OF THE 7TH
Vermont Lake Monsters batting - Pitching for Pennsauken Flyers : RHP Seong-rae Park
Batting: RHB Cosmo Castanhedo 0-0: Called Strike
0-1: SINGLE (Groundball, 4MD)
Pitching: RHP Martin Ortíz
Batting: SHB Robert La Caze 0-0: Ball
1-0: Ball
2-0: Called Strike
2-1: Swinging Strike
2-2: Strikes out swinging
Batting: RHB Ramón Degollado 0-0: Ball
1-0: Called Strike
1-1: Called Strike
1-2: Fly out, F3 (Popup, 3SF)
Batting: LHB Manuel Núñez 0-0: Called Strike
0-1: Ground out U3 (Groundball, 34S)
Top of the 7th over - 0 runs, 1 hit, 0 errors, 1 left on base; Vermont 2 - Pennsauken 4
BOTTOM OF THE 7TH
Pennsauken Flyers batting - Pitching for Vermont Lake Monsters : RHP Naozane Kobayashi
Batting: RHB Jack Willis 0-0: Ground out 6-3 (Groundball, 6MS)
Batting: RHB Enrique Ibarra 0-0: Ball
1-0: Ball
2-0: Ball
3-0: Called Strike
3-1: DOUBLE (Line Drive, 7D)
Pitching: LHP Santiago Pérez
Batting: LHB Ignacio Martínez 0-0: Called Strike
Enrique Ibarra steals 3rd base
0-1: Ball
1-1: Foul Ball, location: 2F
1-2: Ball
2-2: Ball
3-2: Foul Ball, location: 2F
3-2: Base on Balls
Batting: LHB Gong Mao 0-0: Called Strike
0-1: Called Strike
0-2: Ground out 4-3 (Groundball, 4)
Ignacio Martínez to second
Batting: RHB Lester Kwiatkowski 0-0: Ball
1-0: Called Strike
1-1: Fly out, F8 (Flyball, 8RS)
Bottom of the 7th over - 0 runs, 1 hit, 0 errors, 2 left on base; Vermont 2 - Pennsauken 4
TOP OF THE 8TH
Vermont Lake Monsters batting - Pitching for Pennsauken Flyers : RHP Martin Ortíz
Batting: RHB Kasper Schuilenberg 0-0: Ball
1-0: Ball
2-0: Ball
3-0: Called Strike
3-1: Foul Ball, location: 2F
3-2: Foul Ball, location: 2F
3-2: Strikes out swinging
Batting: LHB Carlos Germán 0-0: Called Strike
0-1: Ball
1-1: Ball
2-1: Ball
3-1: Base on Balls
Batting: RHB Juan Pedraza 0-0: Ball
1-0: Foul Ball, location: 2F
1-1: Swinging Strike
1-2: Foul Ball, location: 2F
1-2: Ball
2-2: Ground out 5-3 (Groundball, 5S)
Carlos Germán to second
Batting: LHB Brad Tillman 0-0: Ball
1-0: SINGLE (Line Drive, 3D)
Carlos Germán to third
Runner from 3rd tries for Home, SAFE, no throw
Pinch Runner at 1st Zelmar Barajas:
Pinch Hitting: LHB Gilberto Jiménez 0-0: Called Strike
0-1: 2-RUN HOME RUN (Flyball, 9D), Distance : 361 ft
Pitching: RHP Manny Hernández
Batting: RHB Cosmo Castanhedo 0-0: Ball
1-0: Ball
2-0: Called Strike
2-1: Foul Ball, location: 2F
2-2: SINGLE (Groundball, 4) (infield hit)
Batting: SHB Robert La Caze 0-0: Ball
1-0: Called Strike
1-1: Called Strike
1-2: Ball
2-2: Foul Ball, location: 2F
2-2: Strikes out swinging
Top of the 8th over - 3 runs, 3 hits, 0 errors, 1 left on base; Vermont 5 - Pennsauken 4
BOTTOM OF THE 8TH
Pennsauken Flyers batting - Pitching for Vermont Lake Monsters : LHP Santiago Pérez
Now at 1B: Gilberto Jiménez
Now at 3B: Zelmar Barajas
Batting: RHB Vincente Flores 0-0: Swinging Strike
0-1: Ball
1-1: Called Strike
1-2: Ball
2-2: SINGLE (Groundball, 56D)
Pitching: RHP Dominic Parker
Batting: RHB Kazuyoshi Yoshida 0-0: Foul Ball, location: 2F
0-1: Ball
1-1: Foul Ball, location: 2F
1-2: Foul Ball, location: 2F
1-2: Strikes out swinging
Batting: RHB Clarence Therrien 0-0: Ball
1-0: Ball
2-0: Ball
3-0: Called Strike
3-1: SINGLE (Line Drive, 6D)
Vincente Flores to second
Pinch Hitting: LHB Juan Gabriel 0-0: Ball
1-0: SINGLE (Line Drive, 34D)
Vincente Flores to third
Clarence Therrien to second
Runner from 3rd tries for Home, SAFE, throw made home
Pinch Hitting: RHB Chris Teague 0-0: Swinging Strike
0-1: Foul Ball, location: 2F
0-2: Fly out, F8 (Line Drive, 8LD)
Batting: RHB Enrique Ibarra 0-0: Ball
1-0: Ground out 4-3 (Groundball, 4)
Bottom of the 8th over - 1 run, 3 hits, 0 errors, 2 left on base; Vermont 5 - Pennsauken 5
TOP OF THE 9TH
Vermont Lake Monsters batting - Pitching for Pennsauken Flyers : RHP Manny Hernández
Pitching: RHP Alain Arnaud
Now at 2B: Juan Gabriel
Now in RF: Bob Lambert
Batting: RHB Ramón Degollado 0-0: Called Strike
0-1: Ball
1-1: Called Strike
1-2: Ground out 6-3 (Groundball, 6)
Batting: LHB Manuel Núñez 0-0: Ground out 5-3 (Groundball, 25)
Batting: RHB Kasper Schuilenberg 0-0: Fly out, F8 (Flyball, 8LD)
Top of the 9th over - 0 runs, 0 hits, 0 errors, 0 left on base; Vermont 5 - Pennsauken 5
BOTTOM OF THE 9TH
Pennsauken Flyers batting - Pitching for Vermont Lake Monsters : RHP Dominic Parker
Batting: LHB Ignacio Martínez 0-0: Ball
1-0: Ball
2-0: Swinging Strike
2-1: Foul Ball, location: 2F
2-2: Foul Ball, location: 2F
2-2: Ball
3-2: Foul Ball, location: 2F
3-2: SINGLE (Groundball, 6MD)
Batting: LHB Gong Mao 0-0: Ball
1-0: SINGLE (Line Drive, 34D)
Ignacio Martínez to second
Batting: RHB Lester Kwiatkowski 0-0: Swinging Strike
0-1: Ball
1-1: Ball
2-1: Foul Ball, location: 2F
2-2: Foul Ball, location: 2F
2-2: Strikes out looking
Batting: RHB Vincente Flores 0-0: Ball
1-0: Swinging Strike
1-1: Fly out, F6 (Line Drive, 56)
Batting: RHB Kazuyoshi Yoshida 0-0: Ground out 1-3 (Groundball, 15S)
Bottom of the 9th over - 0 runs, 2 hits, 0 errors, 2 left on base; Vermont 5 - Pennsauken 5
TOP OF THE 10TH
Vermont Lake Monsters batting - Pitching for Pennsauken Flyers : RHP Alain Arnaud
Batting: LHB Carlos Germán 0-0: Ground out 1-3 (Groundball, P)
Batting: RHB Juan Pedraza 0-0: Ball
1-0: Ball
2-0: Ground out 5-3 (Groundball, 56)
Batting: RHB Zelmar Barajas 0-0: Ground out 3-1 (Groundball, 34)
Top of the 10th over - 0 runs, 0 hits, 0 errors, 0 left on base; Vermont 5 - Pennsauken 5
BOTTOM OF THE 10TH
Pennsauken Flyers batting - Pitching for Vermont Lake Monsters : RHP Dominic Parker
Batting: RHB Clarence Therrien 0-0: Ball
1-0: Called Strike
1-1: SINGLE (Line Drive, 9S)
Batting: LHB Juan Gabriel 0-0: Fly out, F6 (Flyball, 56D)
Batting: SHB Bob Lambert 0-0: Ball
1-0: Fielders Choice at 2nd, 6-4 (Groundball, 6)
Batting: RHB Enrique Ibarra 0-0: Called Strike
0-1: Ball
Bob Lambert is caught stealing 2nd base
Bottom of the 10th over - 0 runs, 1 hit, 0 errors, 0 left on base; Vermont 5 - Pennsauken 5
TOP OF THE 11TH
Vermont Lake Monsters batting - Pitching for Pennsauken Flyers : RHP Alain Arnaud
Pitching: RHP Jen-djieh Si
Batting: LHB Gilberto Jiménez 0-0: Ball
1-0: Called Strike
1-1: Ball
2-1: Fly out, F9 (Flyball, 89D)
Batting: RHB Cosmo Castanhedo 0-0: Ground out 5-3 (Groundball, 5)
Batting: SHB Robert La Caze 0-0: Ball
1-0: Called Strike
1-1: Ball
2-1: Ball
3-1: SINGLE (Groundball, 34D)
Batting: RHB Ramón Degollado 0-0: Ball
1-0: Ball
2-0: Ball
3-0: Called Strike
3-1: Base on Balls
Robert La Caze to second
Batting: LHB Manuel Núñez 0-0: Fly out, F8 (Flyball, 89D)
Top of the 11th over - 0 runs, 1 hit, 0 errors, 2 left on base; Vermont 5 - Pennsauken 5
BOTTOM OF THE 11TH
Pennsauken Flyers batting - Pitching for Vermont Lake Monsters : RHP Dominic Parker
Batting: RHB Enrique Ibarra 0-0: Ball
1-0: Called Strike
1-1: Foul Ball, location: 2F
1-2: Ball
2-2: Ground out 4-3 (Groundball, 4S)
Batting: LHB Ignacio Martínez 0-0: Swinging Strike
0-1: Ball
1-1: Ball
2-1: Fly out, F8 (Flyball, 8LM)
Batting: LHB Gong Mao 0-0: Ground out 6-3 (Groundball, 4M)
Bottom of the 11th over - 0 runs, 0 hits, 0 errors, 0 left on base; Vermont 5 - Pennsauken 5
TOP OF THE 12TH
Vermont Lake Monsters batting - Pitching for Pennsauken Flyers : RHP Jen-djieh Si
Batting: RHB Kasper Schuilenberg 0-0: Ground out 6-3 (Groundball, 6)
Batting: LHB Carlos Germán 0-0: Called Strike
0-1: Ball
1-1: Called Strike
1-2: Foul Ball, location: 2F
1-2: Strikes out swinging
Batting: RHB Juan Pedraza 0-0: Ball
1-0: SINGLE (Groundball, 56D)
Batting: RHB Zelmar Barajas 0-0: Called Strike
0-1: Ball
1-1: Fly out, F3 (Line Drive, 4)
Top of the 12th over - 0 runs, 1 hit, 0 errors, 1 left on base; Vermont 5 - Pennsauken 5
BOTTOM OF THE 12TH
Pennsauken Flyers batting - Pitching for Vermont Lake Monsters : RHP Dominic Parker
Batting: RHB Lester Kwiatkowski 0-0: SINGLE (Flyball, 78S)
Batting: RHB Vincente Flores 0-0: Swinging Strike
0-1: Foul Ball, location: 2F
0-2: Strikes out swinging
Batting: RHB Kazuyoshi Yoshida 0-0: Ball
1-0: Swinging Strike
1-1: Ball
2-1: Called Strike
2-2: Fly out, F7 (Flyball, 7S)
Pitching: RHP Jefferson Suhendro
Batting: RHB Clarence Therrien 0-0: Called Strike
0-1: Ground out 4-3 (Groundball, 4M)
Bottom of the 12th over - 0 runs, 1 hit, 0 errors, 1 left on base; Vermont 5 - Pennsauken 5
TOP OF THE 13TH
Vermont Lake Monsters batting - Pitching for Pennsauken Flyers : RHP Jen-djieh Si
Pitching: RHP Manny Benavides
Batting: LHB Gilberto Jiménez 0-0: Ball
1-0: Ground out 4-3 (Groundball, 4)
Batting: RHB Cosmo Castanhedo 0-0: Swinging Strike
0-1: Foul Ball, location: 2F
0-2: Ball
1-2: Ball
2-2: Foul Ball, location: 2F
2-2: Ball
3-2: Fly out, F9 (Line Drive, 89D)
Batting: SHB Robert La Caze 0-0: Ball
1-0: Ball
2-0: Ball
3-0: Called Strike
3-1: Base on Balls
Batting: RHB Ramón Degollado 0-0: Ground out 1-3 (Groundball, 15)
Top of the 13th over - 0 runs, 0 hits, 0 errors, 1 left on base; Vermont 5 - Pennsauken 5
BOTTOM OF THE 13TH
Pennsauken Flyers batting - Pitching for Vermont Lake Monsters : RHP Jefferson Suhendro
Batting: LHB Juan Gabriel 0-0: Called Strike
0-1: Ball
1-1: Foul Ball, location: 2F
1-2: Foul Ball, location: 2F
1-2: Ground out 5-3 (Groundball, 5)
Batting: SHB Bob Lambert 0-0: SINGLE (Line Drive, 89S)
Batting: RHB Enrique Ibarra 0-0: Called Strike
0-1: Ball
1-1: Ball
2-1: Ball
3-1: Called Strike
3-2: Strikes out looking
Bob Lambert steals 2nd base
Batter strikes out.
Batting: LHB Ignacio Martínez 0-0: Called Strike
0-1: Called Strike
0-2: Strikes out looking
Bottom of the 13th over - 0 runs, 1 hit, 0 errors, 1 left on base; Vermont 5 - Pennsauken 5
TOP OF THE 14TH
Vermont Lake Monsters batting - Pitching for Pennsauken Flyers : RHP Manny Benavides
Batting: LHB Manuel Núñez 0-0: Ball
1-0: Ball
2-0: SINGLE (Groundball, 6MS) (infield hit)
Batting: RHB Kasper Schuilenberg 0-0: Called Strike
0-1: Ball
1-1: Ball
2-1: Ball
3-1: Called Strike
3-2: Fly out, F9 (Line Drive, 89D)
Batting: LHB Carlos Germán 0-0: Called Strike
0-1: Ball
1-1: Ball
2-1: Ball
3-1: DOUBLE (Line Drive, 8RXD)
Manuel Núñez to third
Runner from 3rd tries for Home, SAFE, no throw
Batting: RHB Juan Pedraza 0-0: Intentional Walk
Batting: RHB Zelmar Barajas 0-0: Ball
1-0: Called Strike
1-1: Ball
2-1: Ball
3-1: Foul Ball, location: 2F
3-2: Foul Ball, location: 2F
3-2: Grounds into double play, 4-6-3 (Groundball, 34)
Top of the 14th over - 1 run, 2 hits, 0 errors, 1 left on base; Vermont 6 - Pennsauken 5
BOTTOM OF THE 14TH
Pennsauken Flyers batting - Pitching for Vermont Lake Monsters : RHP Jefferson Suhendro
Batting: LHB Gong Mao 0-0: Ground out 6-3 (Groundball, 4)
Batting: RHB Lester Kwiatkowski 0-0: Foul Ball, location: 2F
0-1: Swinging Strike
0-2: Fly out, F8 (Flyball, 8RM)
Batting: RHB Vincente Flores 0-0: Called Strike
0-1: Ground out 6-3 (Groundball, 6)
Bottom of the 14th over - 0 runs, 0 hits, 0 errors, 0 left on base; Vermont 6 - Pennsauken 5
Wednesday, September 19th, 2018 - OOTP Baseball 18.8 Build 76